Get step-by-step instructions on how to execute this build order below. Start the game timer, and the build order will tick by so you can play in parallel with StarCraft on a second screen or mobile device.

Game Time

  0:00

Last Step

  N/A

Next Step

Upcoming Step



Don't want to look back and forth between 2 screens? Try out our Overwolf App, the Spawning Tool Build Advisor to get an in-game overlay with this build!

Complete Build Order

  12  0:00  SCV  
  13  0:12  SCV  
  14  0:17  Supply Depot  
  14  0:24  SCV  
  15  0:39  Barracks, SCV  
  16  0:51  SCV  
  16  0:53  Refinery  
  17  1:03  SCV  
  18  1:15  SCV  
  19  1:28  Orbital Command  
  19  1:45  Command Center, Reaper  
  20  1:54  SCV  
  20  1:55  Supply Depot  
  21  2:06  Barracks  
  21  2:09  SCV  
  22  2:16  Refinery  
  22  2:18  Marine  
  22  2:21  SCV  
  24  2:30  Factory  
  24  2:33  SCV  
  25  2:41  Barracks Tech Lab  
  25  2:45  SCV  
  26  2:54  Marine  
  26  2:57  SCV  
  26  2:58  Orbital Command  
  28  3:08  Marine  
  28  3:09  Barracks, SCV  
  30  3:15  Marine  
  31  3:21  SCV  
  31  3:24  SCV  
  33  3:28  Factory Reactor, Marine  
  33  3:29  Starport  
  33  3:32  Stimpack  
  33  3:33  SCV  
  35  3:36  Marine  
  35  3:37  SCV  
  37  3:43  Supply Depot  
  37  3:48  SCV, Marine  
  38  3:50  SCV  
  38  3:53  Marine  
  41  4:02  SCV  
  41  4:03  Marine, SCV  
  41  4:05  Marine  
  44  4:11  Marine  
  44  4:13  Medivac  
  44  4:14  SCV, Supply Depot  
  44  4:15  SCV  
  49  4:17  Factory Tech Lab  
  49  4:24  Engineering Bay  
  49  4:25  Marine  
  49  4:26  SCV  
  49  4:27  Barracks Reactor, SCV  
  52  4:37  Supply Depot  
  52  4:38  SCV  
  52  4:39  SCV, Supply Depot  
  52  4:41  Marine  
  52  4:43  Marine  
  56  4:46  Medivac x2  
  56  4:50  SCV  
  56  4:51  SCV, Refinery  
  62  4:53  Terran Infantry Weapons Level 1, Refinery  
  62  4:59  Supply Depot  
  62  5:02  Supply Depot  
  62  5:03  SCV x2  
  62  5:06  Barracks Reactor, Marine x2  
  66  5:10  Marine  
  66  5:12  Hellion  
  69  5:15  SCV x2  
  71  5:27  Command Center  
  71  5:28  Marine  
  71  5:29  Marine  
  71  5:31  Marine  
  74  5:42  SCV x2  
  76  5:44  Combat Shield  
  76  5:46  Marine x2  
  76  5:49  Marine  
  79  5:54  SCV  
  80  6:04  Marine x3  
  79  6:05  SCV  
  79  6:06  SCV  
  79  6:09  Armory, Engineering Bay  
  84  6:12  Marine x2  
  84  6:13  Supply Depot  
  84  6:16  Siege Tank  
  84  6:17  Medivac x2, SCV  
  94  6:31  Supply Depot  
  94  6:32  Supply Depot  
  94  6:35  SCV x2, Marine x5  
  101  6:47  SCV x2  
  101  6:51  Terran Infantry Armor Level 1  
  101  6:52  Marine x2  
  101  6:53  Supply Depot, Marine x2  
  107  6:54  Supply Depot  
  107  6:56  Terran Infantry Weapons Level 2  
  107  6:59  Marine, SCV  
  109  7:07  Concussive Shells  
  109  7:10  Marine x4  
  109  7:12  SCV x2  
  109  7:14  Barracks x2  
  109  7:15  Barracks  
  115  7:17  Orbital Command  
  115  7:20  Marine  
  116  7:24  SCV  
  116  7:25  SCV  
  116  7:28  Marine x2  
  116  7:29  Marine x2  
  122  7:38  Marine  
  122  7:42  Siege Tank, Medivac  
  128  7:45  Supply Depot  
  128  7:46  Marine x2  
  128  7:47  Marine x2, Refinery  
  128  7:49  SCV  
  128  7:50  SCV, Refinery  
  134  7:56  Marine  
  135  8:04  Marine x2  
  135  8:05  Marine x2  
  139  8:13  Marine  
  140  8:20  Marine x2  
  140  8:21  Marine  
  140  8:22  Marine x2  
  135  8:50  Marine x8